 Dungeon Crawl Stone Soup version 0.22-a0-135-g6f012ad (webtiles) character file.

111416 KristoblXynda the Hand of Fortune (level 16, -4/126 HPs)
             Began as a Pale Draconian Conjurer on Feb 1, 2018.
             Was the Champion of Nemelex Xobeh.
             Slain by a tarantella (12 damage)
             ... on level 1 of the Spider Nest.
             The game lasted 02:00:38 (38397 turns).

KristoblXynda the Hand of Fortune (DrCj)           Turns: 38397, Time: 02:00:39

Health: -4/126     AC: 17    Str: 17    XL:     16   Next: 9%
Magic:  12/30      EV: 20    Int: 20    God:    Nemelex Xobeh [******]
Gold:   1503       SH: 11    Dex: 17    Spells: 20/36 levels left

rFire    . . .     SeeInvis .   I - +4 scimitar (flame)
rCold    . . .     Gourm    .   d - +0 shield {reflect}
rNeg     . . .     Faith    +   (armour unavailable)
rPois    +         Spirit   .   w - +2 hat {MR+}
rElec    +         Reflect  +   Q - +0 cloak
rCorr    .         Harm     .   J - +3 pair of gauntlets of War {Slay+5}
MR       ++...     Clarity  +   e - +0 pair of boots
Stlth    ++++......             g - amulet "Misso" {Faith Str+5 Stlth+}
HPRegen  0.31/turn              n - +4 ring of evasion
MPRegen  0.22/turn              H - ring of Mim Satt {+Inv Dex+2}

@: hasted, very quick
A: breathe steam, unfitting armour, antennae 1, agile 1, clarity, sense
surroundings 1, poison resistance, electricity resistance, cold-blooded, AC +9
a: Breathe Steam, Triple Draw, Deal Four, Stack Five, Renounce Religion, Evoke
Invisibility


You were on level 1 of the Spider Nest.
You worshipped Nemelex Xobeh.
Nemelex Xobeh was exalted by your worship.
You were not hungry.

You visited 6 branches of the dungeon, and saw 26 of its levels.
You also visited: Labyrinth.

You collected 2205 gold pieces.
You spent 702 gold pieces at shops.

Inventory:

Hand Weapons
 a - a +4 scimitar of freezing
 I - a +4 scimitar of flaming (weapon)
Missiles
 x - 2 throwing nets (quivered)
Armour
 d - a +0 shield of reflection (worn)
 e - a +0 pair of boots (worn)
 w - a +2 hat of magic resistance (worn)
 J - the +3 pair of gauntlets of War (worn) {Slay+5}
   (You found it in a labyrinth)

   It affects your accuracy and damage with ranged weapons and melee attacks
   (+5).
 Q - a +0 cloak (worn)
Jewellery
 g - the amulet "Misso" (around neck) {Faith Str+5 Stlth+}
   (You found it on level 15 of the Dungeon)

   [amulet of faith]

   It allows you to gain divine favour quickly.
   It affects your strength (+5).
   It makes you more stealthy.
 n - a +4 ring of evasion (left hand)
 H - the ring of Mim Satt (right hand) {+Inv Dex+2}
   (You found it in a labyrinth)

   [ring of dexterity]

   It affects your dexterity (+2).
   It lets you turn invisible.
Wands
 m - a wand of paralysis (17)
 u - a wand of disintegration (25)
Scrolls
 q - 2 scrolls of fog
 s - 12 scrolls of remove curse
 B - 2 scrolls of magic mapping
 Y - a scroll of teleportation
Potions
 k - 2 potions of agility
 r - 3 potions of might
 A - a potion of resistance
 D - 2 potions of haste
Miscellaneous
 c - a lamp of fire
 f - an ornate deck of destruction
 h - a legendary deck of destruction
 j - an ornate deck of destruction
 l - a legendary deck of summoning
 p - a box of beasts
 y - an ornate deck of destruction
 z - a legendary deck of escape {drawn: 1}
 C - a plain deck of destruction {drawn: 6}
 L - a legendary deck of destruction {drawn: 3}
 V - an ornate deck of summoning {drawn: 7}
Comestibles
 b - 11 rations


   Skills:
 - Level 7.0 Fighting
 - Level 11.0 Long Blades
   Level 5.4 Maces & Flails
 - Level 5.0 Throwing
 - Level 7.0 Dodging
 - Level 5.0 Stealth
 + Level 8.6 Shields
 - Level 10.6 Spellcasting
 - Level 10.4 Conjurations
   Level 2.0 Hexes
 - Level 2.6 Necromancy
 - Level 9.0 Transmutations
 + Level 12.3 Invocations
 + Level 9.5 Evocations


You had 20 spell levels left.
You knew the following spells:

 Your Spells              Type           Power        Failure   Level  Hunger
a - Summon Forest         Summ/Tloc      ##........   99%         5    ####...
c - Iskenderun's Mystic   Conj           ######..     1%          4    ##.....
d - Petrify               Tmut/Erth      ####....     22%         4    ##.....
e - Regeneration          Chrm/Necr      ###.......   26%         3    None


Dungeon Overview and Level Annotations

Branches:
Dungeon (15/15)            Temple (1/1) D:7            Lair (6/6) D:8
 Shoals (0/4) Lair:4       Spider (1/4) Lair:3        Slime (0/5) Lair:6
    Orc (2/2) D:9             Elf (0/3) Orc:2        Vaults (0/5) D:14
 Depths (1/5) D:15

Altars:
Ashenzari
Cheibriados
Dithmenos
Elyvilon
Fedhas
Gozag
Hepliaklqana
Kikubaaqudgha
Makhleb
Nemelex Xobeh
Okawaru
Qazlal
Ru
Sif Muna
Trog
Uskayaw
Vehumet
Wu Jian
Xom
Yredelemnul
Zin
The Shining One
Beogh
Jiyva

Shops:
D:11 }   D:12 !   D:14 !?(?   D:15 *   Orc:2 [![(

Annotations:
Spider:1 exclusion: Roxanne, Roxanne


Innate Abilities, Weirdness & Mutations

You can breathe blasts of scalding, opaque steam.
Your pale cyan-grey scales are hard. (AC +9)
You cannot fit into any form of body armour.
You are cold-blooded and may be slowed by cold attacks.
You have a pair of small antennae on your head.
You are agile. (Dex +2)
You possess an exceptional clarity of mind.
You passively map a small area around you.
Your system is resistant to poisons. (rPois)
You are resistant to electric shocks. (rElec)


Message History

Your air elemental closely misses the tarantella.
You block the redback's attack.
Your air elemental hits the tarantella!
The tarantella dies!
You block the redback's attack.
A tarantella and a redback come into view.
Unknown command.
Okay, then.
You feel yourself speed up. You block the redback's attack.
The redback closely misses your air elemental.
The redback bites you but does no damage.
The redback closely misses you.
Unknown command.
You swap places.
A redback comes into view.
Your air elemental hits the redback!
You block the redback's attack. The redback bites your air elemental.
The redback bites you.
* * * LOW HITPOINT WARNING * * *
Your air elemental hits the redback!
The tarantella bites you!
You die...
Your body glows slightly and disappears.

..............≈#
§.......s#....≈#
........s......#
,,8.......ss...#
,,,...........###
, ......†.ss..#
.......<...#####
...........ssE≈#
.....†...†%s@s##
.............##
.......†.†.≈##
.....^....#≈# ,
..........###
.##.......≈# , ,
#......≈##
,###..#### *###


You could see 4 tarantellas, 6 redbacks and a friendly air elemental.

Vanquished Creatures
  Rupert (Lair:3)
  Kirke (Lair:4)
  Gastronok (Lair:2)
  Donald (Orc:1)
  2 orc warlords (Orc:2)
  A caustic shrike zombie (D:15)
  A frost giant (Depths:1)
  A minotaur (Lab)
  Josephine (D:9)
  2 hydras
  A vault guard (D:14)
  A centaur warrior (D:14)
  Erica (D:9)
  4 two-headed ogres
  2 tengu warriors
  A vampire mage (D:15)
  3 orc high priests (Orc:2)
  A deep elf knight (Orc:2)
  Nergalle (Lair:3)
  2 skeletal warriors (D:15)
  A storm dragon skeleton (D:15)
  6 unseen horrors
  Pikel (D:5)
  An orb spider (shapeshifter) (D:14)
  A necromancer (D:15)
  3 orb spiders (Spider:1)
  An ugly thing (D:12)
  2 orc sorcerers (Orc:2)
  3 deep elf magi
  An oklob plant (Lair:5)
  3 wolf spiders (Spider:1)
  2 manticores
  14 elephants
  Maurice (D:12)
  Joseph (D:8)
  5 black mambas
  3 centaur zombies
  9 spiny frogs
  A torpor snail (D:10)
  2 gargoyles
  A kobold demonologist (D:15)
  A freezing wraith (D:14)
  2 efreet (D:15)
  10 komodo dragons
  2 minotaur zombies (Lab)
  A harpy zombie (D:14)
  A meliai (D:14)
  9 trolls
  Prince Ribbit (D:8)
  A queen bee (Lair:2)
  11 jumping spiders
  2 polar bears
  4 slime creatures
  30 blink frogs
  A hornet (D:12)
  A spriggan zombie (D:15)
  An ettin zombie (D:15)
  12 hippogriffs
  5 wraiths
  49 yaks
  27 redbacks
  5 tarantellas (Spider:1)
  3 wyverns
  3 hogs
  A human (D:8)
  4 vampire mosquitoes (D:14)
  6 hungry ghosts
  Grum (D:7)
  4 basilisks
  8 wargs
  A steam dragon (Lair:6)
  6 acid dragons
  A soldier ant (D:11)
  11 porcupines
  33 orc warriors
  4 sky beasts
  13 water moccasins
  A hornet zombie (D:14)
  A swamp drake (Lair:6)
  A black bear (Lair:5)
  3 slaves (D:5)
  8 ice beasts
  3 phantoms
  A necrophage (D:9)
  16 ogres
  12 wolves
  An eye of draining (D:13)
  10 centaurs
  14 crocodiles
  2 big kobolds
  15 bullfrogs
  A wyvern skeleton (D:10)
  4 scorpions
  30 killer bees
  11 wights
  2 electric eels (Lair:3)
  A bullfrog zombie (D:13)
  10 crimson imps
  6 hounds
  A quasit (D:11)
  6 jellies
  23 orc wizards
  2 bullfrog skeletons
  5 centaur skeletons
  29 orc priests
  9 iguanas
  4 hell rats (Lair:6)
  6 worker ants
  A howler monkey skeleton (D:3)
  10 adders
  5 shadow imps
  2 adder skeletons
  3 worms
  3 dart slugs
  5 leopard geckos
  101 orcs
  3 giant cockroaches
  10 goblins
  7 hobgoblins
  12 jackals
  18 kobolds
  8 quokkas
  4 bats
  3 frilled lizards
  A quokka zombie (D:6)
  8 rats
  A butterfly (Lair:3)
  A fungus (Lair:6)
  3 plants (Lair:6)
813 creatures vanquished.

Vanquished Creatures (collateral kills)
  Saint Roka (Orc:2)
  Frances (D:12)
  A fire dragon (Lair:6)
  A hydra (D:14)
  Harold (Lair:2)
  A two-headed ogre (D:9)
  A tyrant leech (D:11)
  The ghost of Regeox the Carver, a novice DsGl of Okawaru (D:8)
  A swamp dragon (Lair:6)
  3 wolf spiders (Spider:1)
  A shining eye (shapeshifter) (D:14)
  2 elephants (Lair:5)
  2 demonic crawlers (Spider:1)
  2 jumping spiders (Spider:1)
  3 trolls
  5 redbacks (Spider:1)
  3 tarantellas (Spider:1)
  A basilisk (Lair:6)
  A yak (D:8)
  A soldier ant (shapeshifter) (D:11)
  An acid dragon (D:14)
  A water moccasin (Lair:2)
  An ice beast (D:10)
  An orc warrior (Orc:2)
  A black bear (D:9)
  A necrophage (D:10)
  A swamp drake (Lair:6)
  A scorpion (D:11)
  A quasit (D:5)
  2 orc priests
  An iguana (Lair:6)
  A worker ant (D:14)
  5 orcs (Orc:2)
  2 jackals (D:10)
  A ball python (D:11)
54 creatures vanquished.

Vanquished Creatures (others)
  Sonja (Lair:2)
  A deep elf mage (D:15)
  A demonic crawler (Spider:1)
  2 humans (Lair:4)
  An orc warrior (Orc:2)
  An orc priest (D:9)
  2 orc wizards
  An adder (D:8)
  An ooze (D:10)
  3 ball lightnings
  7 orcs
  A goblin (D:9)
  12 fungi
  19 plants
  4 withered plants (D:15)
57 creatures vanquished.

Grand Total: 924 creatures vanquished

Notes
Turn   | Place    | Note
-------+----------+-------------------------------------------
     0 | D:1      | KristoblXynda the Draconian Conjurer began the quest for the Orb.
     0 | D:1      | Reached XP level 1. HP: 14/14 MP: 3/3
    79 | D:1      | Found a sparkling altar of Nemelex Xobeh.
   181 | D:1      | Reached XP level 2. HP: 17/20 MP: 1/5
   248 | D:1      | Became a worshipper of Nemelex Xobeh the Trickster
   579 | D:1      | Received a gift from Nemelex Xobeh
   868 | D:1      | Reached XP level 3. HP: 26/26 MP: 5/7
  1309 | D:2      | Found an opulent altar of Gozag.
  1509 | D:2      | Reached skill level 1 in Invocations
  1579 | D:2      | Learned a level 3 spell: Dazzling Spray
  1687 | D:2      | Found a basalt altar of Yredelemnul.
  1695 | D:2      | Found a hide-covered altar of Uskayaw.
  1696 | D:2      | Found a stormy altar of Qazlal.
  1735 | D:2      | Reached XP level 4. HP: 33/33 MP: 0/8
  1901 | D:2      | Noticed an ogre
  1907 | D:2      | Killed an ogre
  1907 | D:2      | Reached skill level 5 in Conjurations
  1907 | D:2      | Reached skill level 2 in Invocations
  1907 | D:2      | Reached XP level 5. HP: 38/38 MP: 3/10
  2454 | D:3      | Received a gift from Nemelex Xobeh
  2634 | D:3      | Reached * piety under Nemelex Xobeh
  3038 | D:4      | Gained mutation: Scrolls take you a little longer to read. [potion of mutation]
  3038 | D:4      | Gained mutation: You evolve. [potion of mutation]
  3038 | D:4      | Gained mutation: You have a pair of small antennae on your head. [potion of mutation]
  3064 | D:4      | Reached skill level 3 in Invocations
  3064 | D:4      | Reached XP level 6. HP: 11/45 MP: 0/11
  3597 | D:4      | Gained mutation: You have large cloven feet. [evolution]
  3946 | D:4      | Reached skill level 4 in Invocations
  3946 | D:4      | Your scales start taking on a pale cyan-grey colour.
  3946 | D:4      | Reached XP level 7. HP: 50/50 MP: 6/13
  4030 | D:5      | Entered Level 5 of the Dungeon
  4030 | D:5      | Noticed Pikel
  4080 | D:5      | Reached ** piety under Nemelex Xobeh
  4371 | D:5      | Killed Pikel
  4371 | D:5      | Reached skill level 5 in Spellcasting
  4371 | D:5      | Reached skill level 5 in Invocations
  4371 | D:5      | Reached XP level 8. HP: 31/57 MP: 9/16
  4607 | D:5      | Learned a level 4 spell: Iskenderun's Mystic Blast
  5943 | D:7      | Reached *** piety under Nemelex Xobeh
  6146 | D:7      | Reached XP level 9. HP: 42/62 MP: 18/18
  6240 | D:7      | Received a gift from Nemelex Xobeh
  6374 | D:7      | Gained mutation: You are agile. (Dex +2) [evolution]
  6375 | D:7      | Found a staircase to the Ecumenical Temple.
  6381 | Temple   | Entered the Ecumenical Temple
  6630 | D:7      | Found a stormy altar of Qazlal.
  7055 | D:8      | Noticed Grum
  7315 | D:8      | Noticed Regeox's ghost (novice DsGl)
  7415 | D:7      | Killed Grum
  7415 | D:7      | Reached skill level 5 in Maces & Flails
  7549 | D:8      | Found a staircase to the Lair.
  7569 | D:8      | Reached skill level 1 in Fighting
  8399 | D:8      | Reached **** piety under Nemelex Xobeh
  8400 | D:8      | Received a gift from Nemelex Xobeh
  8415 | D:8      | Noticed Prince Ribbit
  8420 | D:8      | Killed Prince Ribbit
  8611 | D:8      | Lost mutation: Scrolls take you a little longer to read. [potion of mutation]
  8611 | D:8      | Lost mutation: You have large cloven feet. [potion of mutation]
  8611 | D:8      | Gained mutation: You are dopey. (Int -2) [potion of mutation]
  8611 | D:8      | Gained mutation: You passively map a small area around you. [potion of mutation]
  8611 | D:8      | Lost mutation: You are dopey. (Int -2) [potion of mutation]
  8680 | D:8      | Noticed Joseph
  8702 | D:8      | Killed Joseph
  8702 | D:8      | Reached XP level 10. HP: 55/77 MP: 21/21
  8998 | D:8      | Killed Regeox's ghost
  9803 | D:8      | Gained mutation: You are resistant to electric shocks. (rElec) [evolution]
  9869 | Lair:1   | Entered Level 1 of the Lair of Beasts
  9878 | Lair:1   | Learned a level 4 spell: Petrify
  9986 | D:9      | Reached skill level 5 in Fighting
 10001 | D:9      | Found a shattered altar of Ashenzari.
 10313 | D:9      | Reached skill level 10 in Conjurations
 10352 | D:9      | Noticed a two-headed ogre
 10368 | D:9      | Killed a two-headed ogre
 10495 | D:9      | Received a gift from Nemelex Xobeh
 10631 | D:9      | Noticed Erica
 10639 | D:9      | Killed Erica
 10639 | D:9      | Reached skill level 1 in Shields
 10646 | D:9      | Found a staircase to the Orcish Mines.
 10816 | D:9      | Gained mutation: You are very agile. (Dex +4) [evolution]
 10839 | D:9      | Found a roughly hewn altar of Beogh.
 10862 | D:9      | Found a sacrificial altar of Ru.
 11008 | D:9      | Received a gift from Nemelex Xobeh
 11044 | D:10     | Entered Level 10 of the Dungeon
 11052 | D:10     | Reached XP level 11. HP: 75/89 MP: 24/24
 11109 | D:10     | Noticed a two-headed ogre
 11123 | D:10     | Killed a two-headed ogre
 11293 | D:10     | Reached ***** piety under Nemelex Xobeh
 11465 | D:10     | Reached skill level 6 in Invocations
 11570 | D:10     | Noticed a two-headed ogre
 11571 | D:10     | a two-headed ogre changed into a torpor snail
 11579 | D:10     | Reached skill level 1 in Long Blades
 11594 | D:10     | Received a gift from Nemelex Xobeh
 11778 | D:10     | Killed an unseen horror
 12074 | D:11     | Found Cotsamor's Gadget Boutique.
 12087 | D:11     | Noticed a red ugly thing
 12092 | D:11     | Noticed a tyrant leech
 12092 | D:11     | a red ugly thing changed into a tyrant leech
 12104 | D:11     | Killed a tyrant leech
 12425 | D:11     | Reached skill level 7 in Invocations
 12692 | D:11     | Received a gift from Nemelex Xobeh
 12771 | D:11     | Killed an unseen horror
 12922 | D:11     | Reached skill level 10 in Spellcasting
 13050 | D:11     | Reached skill level 5 in Long Blades
 13656 | D:12     | Reached skill level 1 in Evocations
 13835 | D:12     | Found Okyphine's Distillery.
 13846 | D:12     | Bought a potion of lignification for 51 gold pieces
 13846 | D:12     | Bought a potion of heal wounds for 85 gold pieces
 13990 | D:12     | Noticed a two-headed ogre
 13994 | D:12     | Killed a two-headed ogre
 14095 | D:12     | Received a gift from Nemelex Xobeh
 14473 | D:12     | Received a gift from Nemelex Xobeh
 14486 | D:12     | Noticed a green ugly thing
 14513 | D:12     | Noticed Maurice
 14514 | D:12     | Killed a green ugly thing
 14514 | D:12     | Reached XP level 12. HP: 96/96 MP: 26/26
 14524 | D:12     | Noticed Frances
 14553 | D:12     | Killed Frances
 14781 | D:12     | Noticed a two-headed ogre
 14795 | D:12     | Killed a two-headed ogre
 14845 | D:12     | Gained mutation: You possess an exceptional clarity of mind. [evolution]
 14906 | D:12     | Killed Maurice
 15297 | D:13     | Reached skill level 1 in Transmutations
 15523 | D:13     | Reached skill level 5 in Evocations
 15940 | D:13     | Received a gift from Nemelex Xobeh
 16320 | D:13     | Noticed a tengu warrior
 16805 | D:13     | Killed a tengu warrior
 17072 | D:14     | Found Miulenk's Distillery.
 17574 | D:14     | Noticed a seven-headed hydra
 17579 | D:14     | Killed a seven-headed hydra
 17630 | D:14     | Found Binlius's Magic Scroll Emporium.
 17631 | D:14     | Noticed a centaur warrior
 17642 | D:14     | Killed a centaur warrior
 17642 | D:14     | Reached skill level 5 in Dodging
 17765 | D:14     | Bought a potion of curing for 48 gold pieces
 17765 | D:14     | Bought a potion of heal wounds for 80 gold pieces
 17829 | D:14     | Reached XP level 13. HP: 48/102 MP: 27/27
 17975 | D:14     | Learned a level 3 spell: Regeneration
 18000 | D:14     | Received a gift from Nemelex Xobeh
 18024 | D:14     | Lost mutation: You are very agile. (Dex +4) [a shining eye]
 18063 | D:14     | Found Oghysch's Antique Weapon Emporium.
 18177 | D:14     | Gained mutation: Your system is resistant to poisons. (rPois) [evolution]
 18177 | D:14     | Lost mutation: You evolve. [end of evolution]
 18178 | D:14     | Found Semom's Magic Scroll Boutique.
 18225 | D:14     | Bought a scroll of enchant weapon for 82 gold pieces
 18225 | D:14     | Bought a scroll of enchant weapon for 82 gold pieces
 18267 | D:14     | Found a gate to the Vaults.
 18291 | D:14     | Reached skill level 5 in Transmutations
 18291 | D:14     | Reached skill level 8 in Invocations
 19127 | D:15     | Entered Level 15 of the Dungeon
 19133 | D:15     | Received a gift from Nemelex Xobeh
 20466 | Lair:1   | Reached skill level 10 in Long Blades
 21299 | Lair:1   | Reached ****** piety under Nemelex Xobeh
 21408 | Lair:2   | Noticed Harold
 21536 | Lair:2   | Received a gift from Nemelex Xobeh
 21561 | Lair:2   | Killed Harold
 21561 | Lair:2   | Reached skill level 9 in Invocations
 21681 | Lair:2   | Reached skill level 5 in Stealth
 21719 | Lair:2   | Noticed Sonja
 21730 | Lair:2   | Killed Sonja
 21788 | Lair:2   | Reached skill level 1 in Throwing
 21870 | Lair:2   | Identified a scroll of acquirement
 21937 | Lair:2   | Got a fine shield
 21938 | Lair:2   | Identified the +3 shield of Death's Door {rElec rCorr Slay-5} (You acquired it on level 2 of the Lair of Beasts)
 22276 | Lair:2   | Found a burning altar of Makhleb.
 22538 | Lair:2   | Noticed Gastronok
 22612 | Lair:2   | Killed Gastronok
 22612 | Lair:2   | Reached XP level 14. HP: 77/110 MP: 19/28
 23073 | Lair:3   | Noticed Rupert
 23122 | Lair:3   | Killed Rupert
 23276 | Lair:3   | Received a gift from Nemelex Xobeh
 23332 | Lair:3   | Noticed Nergalle
 23358 | Lair:3   | Killed Nergalle
 23549 | Lair:3   | Received a gift from Nemelex Xobeh
 23549 | Lair:3   | Received a gift from Nemelex Xobeh
 23589 | Lair:3   | Reached skill level 10 in Invocations
 23989 | Lair:3   | Found a hole to the Spider Nest.
 24711 | Lair:4   | Found a staircase to the Shoals.
 24855 | Lair:4   | Noticed Kirke
 24881 | Lair:4   | Killed Kirke
 24881 | Lair:4   | Reached skill level 1 in Hexes
 25272 | Lair:4   | Received a gift from Nemelex Xobeh
 25856 | Lair:5   | Received a gift from Nemelex Xobeh
 27465 | Orc:1    | Entered Level 1 of the Orcish Mines
 27839 | D:15     | Got a heavily runed amethyst amulet
 27840 | D:15     | Identified the amulet "Misso" {Faith Str+5 Stlth+} (You found it on level 15 of the Dungeon)
 27852 | D:15     | Found a burning altar of Makhleb.
 27852 | D:15     | Found Toit's Sacrilege Store.
 28492 | D:15     | Found a staircase to the Depths.
 28777 | D:15     | Reached skill level 5 in Throwing
 28875 | D:15     | Received a gift from Nemelex Xobeh
 29590 | Orc:1    | Noticed Josephine
 29602 | D:9      | Killed Josephine
 30226 | Orc:1    | Received a gift from Nemelex Xobeh
 30416 | Orc:2    | Entered Level 2 of the Orcish Mines
 30482 | Orc:2    | Found a labyrinth entrance.
 30491 | Lab      | Entered a labyrinth
 30505 | Lab      | Received a gift from Nemelex Xobeh
 30571 | Lab      | Reached skill level 1 in Necromancy
 30577 | Lab      | Reached XP level 15. HP: 111/118 MP: 29/29
 30597 | Lab      | Received a gift from Nemelex Xobeh
 30806 | Lab      | Found the +3 pair of gauntlets of War {Slay+5}
 30806 | Lab      | Got a pitted lapis lazuli ring
 30809 | Lab      | Identified the ring of Mim Satt {+Inv Dex+2} (You found it in a labyrinth)
 31071 | Orc:2    | Noticed Saint Roka
 31071 | Orc:2    | Reached skill level 5 in Shields
 31305 | Orc:2    | Found a roughly hewn altar of Beogh.
 31308 | Orc:2    | Found Toenar's Armour Emporium.
 31576 | Orc:2    | Noticed Donald
 31628 | Orc:1    | Killed Donald
 31953 | Orc:2    | Received a gift from Nemelex Xobeh
 32031 | Orc:2    | Found a roughly hewn altar of Beogh.
 32131 | Orc:2    | Found a roughly hewn altar of Beogh.
 32261 | Orc:2    | Paralysed by an orc sorcerer for 6 turns
 32269 | Orc:2    | Noticed an orc warlord
 32584 | Orc:2    | Found a roughly hewn altar of Beogh.
 32757 | Orc:2    | Found a roughly hewn altar of Beogh.
 32809 | Orc:2    | Found a roughly hewn altar of Beogh.
 32823 | Orc:2    | Found Ziapniv's Distillery.
 32830 | Orc:2    | Bought a potion of curing for 39 gold pieces
 32830 | Orc:2    | Bought a potion of heal wounds for 65 gold pieces
 32926 | Orc:2    | Received a gift from Nemelex Xobeh
 32948 | Orc:2    | Found a staircase to the Elven Halls.
 33038 | Orc:2    | Killed an orc warlord
 33138 | Orc:2    | Found Zeforanai's Antique Armour Shoppe.
 33139 | Orc:2    | Found a roughly hewn altar of Beogh.
 33142 | Orc:2    | Found Pexkuen's Antique Weapon Emporium.
 33735 | Orc:2    | Killed Saint Roka
 34060 | Orc:2    | Noticed an orc warlord
 34243 | Orc:2    | Killed an orc warlord
 34243 | Orc:2    | Reached skill level 11 in Invocations
 35065 | D:12     | Bought a potion of heal wounds for 85 gold pieces
 35065 | D:12     | Bought a potion of heal wounds for 85 gold pieces
 35285 | Lair:6   | Entered Level 6 of the Lair of Beasts
 35612 | Lair:6   | Received a gift from Nemelex Xobeh
 35639 | Lair:6   | Found a viscous altar of Jiyva.
 35639 | Lair:6   | Found a staircase to the Slime Pits.
 36087 | Lair:6   | Received a gift from Nemelex Xobeh
 36359 | Lair:6   | Received a gift from Nemelex Xobeh
 37093 | Lair:1   | Learned a level 5 spell: Summon Forest
 37274 | Depths:1 | Entered Level 1 of the Depths
 37287 | Depths:1 | Noticed a frost giant
 37320 | Depths:1 | Killed a frost giant
 37867 | Spider:1 | Entered Level 1 of the Spider Nest
 37867 | Spider:1 | Received a gift from Nemelex Xobeh
 37867 | Spider:1 | Noticed Roxanne
 38135 | Spider:1 | Reached skill level 12 in Invocations
 38264 | Spider:1 | Reached XP level 16. HP: 46/126 MP: 16/30
 38329 | Spider:1 | HP: 6/126 [wolf spider (6)]
 38343 | Spider:1 | HP: 4/126 [wolf spider (15)]
 38397 | Spider:1 | Slain by a tarantella

Vault maps used:
D:1:      lightli_arrival_lavapool, nemelex_xobeh_ov_fountains_minmay
D:2:      minitemple, grunt_gozag_statues
D:3:      grunt_ministairs_15
D:4:      cheibrodos_sewer_entry_bend, first_ration, st_stairs_1
D:5:      uniq_pikel
D:7:      minmay_temple_entry_hall, grunt_qazlal_clouds
D:8:      erik_lair_orcish_takeover, grunt_pizzeria, uniq_joseph, uniq_grum,
          uniq_prince_ribbit1
D:9:      nicolae_ru_great_annihilating_truth, minmay_orc_entry_temple_small,
          ashenzari_altar_1, uniq_erica
D:11:     serial_shops, shop, minmay_misc_feat_rows
D:12:     serial_shops, shop_fountains, uniq_maurice, uniq_frances
D:14:     david_vaults_5, serial_shops, shop, nicolae_shop_window_shopping,
          shop, shop
D:15:     gammafunk_depths_entry_grave,
          hangedman_abyss_or_decor_jellyfish_corner, nicolae_evil_shop
Temple:   dpeg_five_rooms_temple
Lair:1:   beast_lair_carwin_large_1
Lair:2:   special_room, basic_altar, uniq_gastronok, uniq_harold, uniq_sonja
Lair:3:   nicolae_spider_entry_tight_spaces, serial_bayou_pond_b,
          beast_lair_carwin_10, serial_bayou_shore_a, lemuel_fruit_fields,
          infiniplex_staircase_pool_2, uniq_rupert, uniq_nergalle
Lair:4:   minmay_shoals_entry_beasts, uniq_kirke
Lair:5:   serial_bayou_shore_b
Lair:6:   guppyfry_lair_end_dragon, dpeg_slime_entry_enclosed_altar,
          grunt_megastairs_3, lemuel_fruit_fields
Spider:1: spider_trap, guppyfry_spider_mini_3, uniq_roxanne, uniq_asterion
Orc:1:    rock_pile, uniq_josephine
Orc:2:    grunt_orc_community_town_hall, grunt_orc_community_big_house_1,
          grunt_orc_community_big_house_2, grunt_orc_community_house_1,
          grunt_orc_community_house_1, grunt_orc_community_house_2,
          grunt_orc_community_house_2, grunt_orc_community_house_1,
          grunt_orc_community_house_3, lab_entry_generic, elf_legates,
          uniq_donald, uniq_saint_roka
Depths:1: hell_entry, pan_entry, wad_dig_loot
Lab:      labyrinth_hidden_loot, nicolae_lab_garden, nicolae_lab_do_over,
          labyrinth_skeletal_remains, nicolae_lab_flowing_pool,
          nicolae_lab_quarters, nicolae_lab_stuck, nicolae_lab_swirl,
          nicolae_lab_dead_end, nicolae_lab_blocks, lab_block,
          nicolae_lab_checkerboard, labyrinth_fake_exit, lab_statue,
          nicolae_lab_big_swirl, nicolae_lab_grate

Skill      XL: |  1  2  3  4  5  6  7  8  9 10 11 12 13 14 15 |
---------------+----------------------------------------------+-----
Spellcasting   | 3 4 5 6 7 9 10 | 10.6
Invocations    | 1 2 3 4 5 7 9 10 12 | 12.3
Conjurations   | 5 6 7 9 10 | 10.4
Maces & Flails | 2 4 5 |  5.4
Dodging        | 3 5 7 |  7.0
Fighting       | 3 6 7 |  7.0
Shields        | 2 4 8 |  8.6
Long Blades    | 6 9 10 11 | 11.0
Evocations     | 2 6 9 |  9.5
Transmutations | 4 7 9 |  9.0
Stealth        | 2 5 |  5.0
Throwing       | 2 5 |  5.0
Hexes          | 2 |  2.0
Necromancy     | 1 2 |  2.6

Action                   |  1- 3 |  4- 6 |  7- 9 | 10-12 | 13-15 | 16-18 || total
-------------------------+-------+-------+-------+-------+-------+-------++-------
Melee: Unarmed           |    92 |     1 |       |       |       |       ||    93
       Tailslap          |    10 |     9 |    28 |    96 |   252 |     4 ||   399
       Flail             |       |    75 |     7 |       |       |       ||    82
       Hand axe          |       |    14 |    26 |       |       |       ||    40
       Dagger            |       |    12 |       |       |       |       ||    12
       Whip              |       |       |   223 |   129 |       |       ||   352
       Scimitar          |       |       |       |   439 |  1602 |    23 ||  2064
Throw: Throwing net      |       |       |       |       |     4 |       ||     4
 Cast: Magic Dart        |    73 |    92 |    63 |    23 |       |       ||   251
       Dazzling Spray    |       |     2 |     1 |     1 |       |       ||     4
       Iskenderun's Myst |       |       |     2 |    30 |    29 |     8 ||    69
       Petrify           |       |       |       |       |     2 |       ||     2
 Abil: Breathe Steam     |       |       |    25 |    56 |    64 |     3 ||   148
       Evoke Invisibilit |       |       |       |       |     4 |       ||     4
Evoke: Deck              |       |     4 |     4 |    39 |    43 |     7 ||    97
       Wand              |       |       |       |    23 |    38 |     1 ||    62
       Box of beasts     |       |       |       |       |     1 |       ||     1
  Use: Scroll            |     2 |    11 |     7 |    12 |    23 |     1 ||    56
       Potion            |       |     3 |     2 |     3 |    11 |     6 ||    25
 Stab: Sleeping          |       |     4 |     2 |     3 |    28 |       ||    37
       Invisible         |       |     1 |       |       |     5 |       ||     6
       Distracted        |       |       |     1 |       |     4 |       ||     5
       Paralysed         |       |       |       |     4 |    32 |       ||    36
       Petrified         |       |       |       |       |    13 |       ||    13
       Petrifying        |       |       |       |       |     4 |       ||     4
       Held in net/web   |       |       |       |       |     4 |       ||     4
  Eat: Chunk             |     3 |     4 |    15 |    13 |    31 |       ||    66
       Ration            |       |     1 |     1 |     9 |    14 |       ||    25
Armor: Skin              |    30 |    35 |   100 |   167 |   377 |    21 ||   730
Dodge: Dodged            |    87 |   120 |   267 |   455 |  1259 |    46 ||  2234
Block: Buckler           |       |       |       |   124 |   359 |       ||   483
       Reflection        |       |       |       |       |     7 |       ||     7
       Shield            |       |       |       |       |   324 |    43 ||   367
       Rpst.: Scimitar   |       |       |       |   101 |   320 |     9 ||   430

Table legend:
 A = Spawn XP
 B = Non-spawn XP
 C = Spawn XP percentage of total XP
 D = Spawn monster count
 E = Non-spawn monster count
 F = Spawn count percentage of total count
 G = Total turns spent on level
                    A         B        C        D         E        F      G
               +---------+---------+-------+---------+---------+-------+---------
         Total |       0 |  159167 |   0.0 |       0 |     875 |   0.0 | 38397
               +---------+---------+-------+---------+---------+-------+---------
           D:1 |       0 |      41 |   0.0 |       0 |      23 |   0.0 |   940
           D:2 |       0 |     194 |   0.0 |       0 |      20 |   0.0 |  1263
           D:3 |       0 |     117 |   0.0 |       0 |      24 |   0.0 |   838
           D:4 |       0 |     433 |   0.0 |       0 |      20 |   0.0 |  1059
           D:5 |       0 |    1244 |   0.0 |       0 |      17 |   0.0 |   869
           D:6 |       0 |     483 |   0.0 |       0 |      16 |   0.0 |   859
           D:7 |       0 |    1217 |   0.0 |       0 |      16 |   0.0 |  1913
           D:8 |       0 |    3726 |   0.0 |       0 |      32 |   0.0 |  2406
           D:9 |       0 |    5565 |   0.0 |       0 |      58 |   0.0 |  1952
          D:10 |       0 |    4344 |   0.0 |       0 |      34 |   0.0 |   987
          D:11 |       0 |    3747 |   0.0 |       0 |      22 |   0.0 |  1754
          D:12 |       0 |    7410 |   0.0 |       0 |      30 |   0.0 |  2248
          D:13 |       0 |    8420 |   0.0 |       0 |      39 |   0.0 |  2290
          D:14 |       0 |   10005 |   0.0 |       0 |      34 |   0.0 |  1616
          D:15 |       0 |   10123 |   0.0 |       0 |      30 |   0.0 |  2262
        Lair:1 |       0 |    5691 |   0.0 |       0 |      30 |   0.0 |  1551
        Lair:2 |       0 |   13729 |   0.0 |       0 |      69 |   0.0 |  1713
        Lair:3 |       0 |    9092 |   0.0 |       0 |      29 |   0.0 |  1597
        Lair:4 |       0 |    8814 |   0.0 |       0 |      26 |   0.0 |  1400
        Lair:5 |       0 |    5348 |   0.0 |       0 |      23 |   0.0 |  1529
        Lair:6 |       0 |   16998 |   0.0 |       0 |      64 |   0.0 |  1695
      Spider:1 |       0 |   14364 |   0.0 |       0 |      56 |   0.0 |   413
         Orc:1 |       0 |    4161 |   0.0 |       0 |      39 |   0.0 |  1545
         Orc:2 |       0 |   19280 |   0.0 |       0 |     113 |   0.0 |  2614
      Depths:1 |       0 |    1584 |   0.0 |       0 |       1 |   0.0 |   299
           Lab |       0 |    3037 |   0.0 |       0 |      10 |   0.0 |   546
               +---------+---------+-------+---------+---------+-------+---------
